 Dungeon Crawl Stone Soup version 0.19.3 (webtiles) character file.

42600 Peloso the Peltast (level 13, -3/129 HPs)
             Began as a Minotaur Fighter on Jan 22, 2017.
             Was the Champion of Okawaru.
             Slain by a catoblepas (6 damage)
             ... on level 6 of the Lair of Beasts.
             The game lasted 01:05:06 (20857 turns).

Peloso the Peltast (Minotaur Fighter)              Turns: 20857, Time: 01:05:07

Health: -3/129     AC: 28    Str: 23    XL:     13   Next: 86%
Magic:  13/13      EV:  2    Int:  5    God:    Okawaru [******]
Gold:   1628       SH:  0    Dex: 13    Spells: 0 memorised, 12 levels left

rFire  + . .     SeeInvis .     E - -2 long sword (curse)
rCold  + + .     Gourm    .     q - +0 crystal plate armour
rNeg   + + +     Faith    +     c - +0 shield
rPois  ∞         Spirit   .     (helmet restricted)
rElec  +         Reflect  .     u - +1 cloak of Starlight {rElec rC+ EV+4 Stlth--}
rCorr  .         Harm     .     (no gloves)
MR     .....                    N - +2 pair of boots {run}
Stlth  ..........               v - amulet of faith
                                B - ring of protection from cold
                                M - ring of protection from fire

@: petrified, quick
A: retaliatory headbutt, horns 2, robust 1
a: Heroism, Finesse, Renounce Religion


You were on level 6 of the Lair of Beasts.
You worshipped Okawaru.
Okawaru was exalted by your worship.
You were hungry.

You visited 3 branches of the dungeon, and saw 20 of its levels.
You also visited: Labyrinth.

You collected 1865 gold pieces.
You spent 237 gold pieces at shops.

Inventory:

Hand Weapons
 a - a +1 long sword
 h - a +2 double sword of electrocution
 r - a +2 triple sword of holy wrath
 E - a cursed -2 long sword (weapon)
 I - a +3 falchion of flaming
Armour
 c - a +0 shield (worn)
 q - a +0 crystal plate armour (worn)
 u - the +1 cloak of Starlight (worn) {rElec rC+ EV+4 Stlth--}
   (You found it on level 12 of the Dungeon)

   It affects your evasion (+4).
   It protects you from cold.
   It insulates you from electricity.
   It makes you much less stealthy.
 N - a +2 pair of boots of running (worn)
 S - the +0 cloak of Redwoidam {*Corrode Dex+3 Slay+3}
   (You bought it in a shop on level 1 of the Orcish Mines)

   It affects your dexterity (+3).
   It affects your accuracy and damage with ranged weapons and melee attacks
   (+3).
   It may corrode you when you take damage.
 T - a +1 plate armour of poison resistance
Jewellery
 v - an amulet of faith (around neck)
 B - a ring of protection from cold (right hand)
 G - an uncursed ring of resist corrosion
 M - a ring of protection from fire (left hand)
 P - an uncursed ring of magical power
 Q - an uncursed ring of magical power
 V - an uncursed ring of stealth
Wands
 y - a wand of disintegration (5/24)
 O - a wand of flame (16/48)
 U - a wand of teleportation (2/9)
 W - a wand of disintegration (14/24)
 Z - a wand of digging (20/24)
Scrolls
 b - 6 scrolls of identify
 e - a scroll of enchant weapon
 i - 3 scrolls of teleportation
 l - a scroll of fear
 p - 2 scrolls of amnesia
 t - 4 scrolls of fog
 J - 3 scrolls of blinking
Potions
 d - a potion of flight
 j - 5 potions of curing
 k - 2 potions of cure mutation
 m - a potion of brilliance
 n - 3 potions of agility
 w - a potion of cancellation
 x - 4 potions of might
 A - 2 potions of invisibility
 H - a potion of magic
Books
 C - a book of Geomancy

   Spells                             Type                      Level
   a - Sandblast                      Earth                        1
   b - Passwall                       Transmutation/Earth          2
   c - Stone Arrow                    Conjuration/Earth            3
   d - Petrify                        Transmutation/Earth          4
   e - Lee's Rapid Deconstruction     Earth                        5
 K - a book of the Dragon

   Spells                             Type                      Level
   a - Flame Tongue                   Conjuration/Fire             1
   b - Cause Fear                     Hexes                        4
   c - Bolt of Fire                   Conjuration/Fire             6
   d - Dragon Form                    Transmutation                7
   e - Dragon's Call                  Summoning                    9
 L - a book of Power

   Spells                             Type                      Level
   a - Fulminant Prism                Conjuration/Hexes            4
   b - Iskenderun's Mystic Blast      Conjuration                  4
   c - Venom Bolt                     Conjuration/Poison           5
   d - Bolt of Magma                  Conjuration/Fire/Earth       5
   e - Iron Shot                      Conjuration/Earth            6
   f - Orb of Destruction             Conjuration                  7
   g - Spellforged Servitor           Conjuration/Summoning        7
 R - a book of Party Tricks

   Spells                             Type                      Level
   a - Summon Butterflies             Summoning                    1
   b - Apportation                    Translocation                1
   c - Lesser Beckoning               Translocation                3
   d - Tukima's Dance                 Hexes                        3
   e - Alistair's Intoxication        Transmutation/Poison         5
   f - Invisibility                   Hexes                        6
 X - the Grimoire of the Captivating Blaze
   (You found it in a labyrinth)

   Spells                             Type                      Level
   a - Ensorcelled Hibernation        Hexes/Ice                    2
   b - Conjure Flame                  Conjuration/Fire             3
   c - Leda's Liquefaction            Hexes/Earth                  4
   d - Metabolic Englaciation         Hexes/Ice                    5
   e - Summon Mana Viper              Hexes/Summoning              5
Comestibles
 f - 10 bread rations
 o - 2 slices of pizza
 s - 4 meat rations
 z - 11 fruits
 D - 6 chunks of flesh
 Y - a beef jerky


   Skills:
 + Level 12.2 Fighting
 + Level 15.0 Long Blades
 + Level 13.5 Armour
 + Level 1.9 Dodging
 + Level 1.2 Stealth
 + Level 15.8 Shields
 + Level 2.1 Invocations
 + Level 0.5 Evocations


You had 12 spell levels left.
You didn't know any spells.

Dungeon Overview and Level Annotations

Branches:
Dungeon (12/15)            Temple (0/1) D:7            Lair (6/6) D:8
  Snake (0/4) Lair:4          Orc (2/2) D:12            Elf (0/3) Orc:2
  Swamp: Lair:2-4    Shoals: Lair:2-4     Slime: Lair:5-6

Altars:
Ashenzari
Cheibriados
Dithmenos
Elyvilon
Gozag
Hepliaklqana
Makhleb
Okawaru
Qazlal
Sif Muna
Uskayaw
Yredelemnul

Shops:
D:9 (   D:10 %   Orc:1 [

Annotations:
D:8 2 runed doors
D:11 1 runed door


Innate Abilities, Weirdness & Mutations

You reflexively headbutt those who attack you in melee.
You have a pair of horns on your head.
You are robust. (+10% HP)


Message History

You hit the catoblepas.
The catoblepas is heavily wounded.
You are engulfed in calcifying dust.
Your limbs have turned to stone.
The yak gores you but does no damage. The yak barely misses you.
You furiously retaliate!
You headbutt the yak! The catoblepas gores you!
* * * LOW HITPOINT WARNING * * *
You have turned to stone.
You are engulfed in calcifying dust.
The yak gores you but does no damage. x2
The catoblepas gores you!!
* * * LOW HITPOINT WARNING * * *
You are engulfed in calcifying dust.
The yak gores you.
* * * LOW HITPOINT WARNING * * *
The yak gores you but does no damage. The catoblepas gores you.
* * * LOW HITPOINT WARNING * * *
You are engulfed in calcifying dust.
The yak gores you!
* * * LOW HITPOINT WARNING * * *
The yak gores you but does no damage. The catoblepas gores you!
* * * LOW HITPOINT WARNING * * *
The yak gores you but does no damage. x2; The catoblepas gores you!
You die...

##...........#
##........###
#........##
##......##
#..!..##
####.....#
#.......##
##........#
#..†@.....#
#..YYY...##
#...........#
#..............
................
................
................
...............


You could see a catoblepas and 2 yaks.

Vanquished Creatures
  The ghost of Dolanko the Carver, a journeyman MiGl of Okawaru (Orc:1)
  A minotaur (Lab)
  An orc high priest (Orc:1)
  The ghost of ImaNewbie the Cruncher, a novice GrGl of Okawaru (D:8)
  3 orc knights
  A deep elf mage (D:11)
  A lindwurm (Lair:6)
  Pikel (D:8)
  An orc sorcerer (Orc:1)
  3 ugly things
  2 cyclopes
  2 centaur zombies (D:12)
  2 black mambas
  A gargoyle (D:12)
  7 spiny frogs
  7 komodo dragons
  2 kobold demonologists (D:12)
  3 meliai (D:12)
  6 polar bears (Lair:6)
  6 trolls
  3 hornets (Lair:6)
  2 hippogriffs
  5 blink frogs (Lair:6)
  10 dream sheep
  A vampire (D:11)
  14 spriggans
  46 yaks
  3 wyverns
  2 vampire mosquitoes (D:12)
  4 wargs
  A naga (Lair:4)
  5 water moccasins
  7 porcupines
  A hornet zombie (D:11)
  4 sky beasts
  22 orc warriors
  2 black bears
  An ice beast (D:8)
  3 boggarts (Lair:6)
  2 phantoms
  14 ogres
  The ghost of Sigrun the Poker, an amateur DsGl (D:4)
  4 centaurs
  16 wolves (Lair:6)
  5 crocodiles
  A big kobold (D:12)
  7 bullfrogs
  A wyvern skeleton (D:6)
  3 scorpions
  4 wights
  10 killer bees
  6 howler monkeys
  4 crimson imps
  2 quasits
  5 centaur skeletons
  4 hounds
  2 jellies (D:11)
  3 bullfrog zombies
  21 orc wizards
  17 orc priests
  4 bullfrog skeletons
  An iguana (D:7)
  10 worker ants
  A killer bee zombie (D:6)
  A hound zombie (D:5)
  16 adders
  2 shadow imps
  2 oozes
  An adder skeleton (D:6)
  4 worms
  2 dart slugs
  4 leopard geckos
  69 orcs
  4 giant cockroaches
  4 goblins
  6 hobgoblins
  12 jackals
  9 quokkas
  4 ball pythons
  A bat (D:1)
  3 frilled lizards
  15 kobolds
  A leopard gecko skeleton (D:4)
  A quokka skeleton (D:8)
  4 rats
501 creatures vanquished.

Vanquished Creatures (others)
  A shadow imp (D:9)
  12 fungi
  22 plants
35 creatures vanquished.

Grand Total: 536 creatures vanquished

Notes
Turn   | Place    | Note
-------+----------+-------------------------------------------
     0 | D:1      | Peloso the Minotaur Fighter began the quest for the Orb.
     0 | D:1      | Reached XP level 1. HP: 19/19 MP: 0/0
   142 | D:1      | Reached XP level 2. HP: 22/27 MP: 1/1
   551 | D:2      | Reached XP level 3. HP: 27/33 MP: 2/2
   982 | D:2      | Reached XP level 4. HP: 35/40 MP: 3/3
  1028 | D:3      | Found a hazy altar of Hepliaklqana.
  1087 | D:3      | Found a shadowy altar of Dithmenos.
  1903 | D:4      | Reached XP level 5. HP: 29/46 MP: 4/4
  1970 | D:4      | Noticed Sigrun's ghost (amateur DsGl)
  1999 | D:4      | Killed Sigrun's ghost
  1999 | D:4      | Reached skill level 5 in Shields
  2142 | D:4      | Reached XP level 6. HP: 42/53 MP: 5/5
  2158 | D:4      | Reached skill level 5 in Long Blades
  2240 | D:4      | Found a burning altar of Makhleb.
  2340 | D:4      | Reached skill level 5 in Armour
  2534 | D:5      | Entered Level 5 of the Dungeon
  2920 | D:5      | Reached skill level 5 in Fighting
  2936 | D:5      | Reached XP level 7. HP: 24/61 MP: 6/6
  3371 | D:5      | Reached skill level 1 in Dodging
  4219 | D:6      | Reached XP level 8. HP: 59/70 MP: 7/7
  5034 | D:7      | Found a staircase to the Ecumenical Temple.
  5034 | D:7      | You fall through a shaft for 3 floors!
  5034 | D:10     | Entered Level 10 of the Dungeon
  5090 | D:10     | Found Utuof's Food Emporium.
  5198 | D:9      | Found Gydusyxi's Antique Weapon Emporium.
  5209 | D:9      | Found an opulent altar of Gozag.
  5211 | D:9      | Noticed Pikel
  5229 | D:8      | Found a staircase to the Lair.
  5240 | D:8      | Found a snail-covered altar of Cheibriados.
  5243 | D:8      | Found a hide-covered altar of Uskayaw.
  5245 | D:8      | Found an iron altar of Okawaru.
  5245 | D:8      | Found a stormy altar of Qazlal.
  5247 | D:8      | Found a deep blue altar of Sif Muna.
  5247 | D:8      | Found a white marble altar of Elyvilon.
  5271 | D:8      | Became a worshipper of Warmaster Okawaru
  5281 | D:8      | Noticed ImaNewbie's ghost (novice GrGl)
  5731 | D:8      | Found a large runed door.
  5731 | D:8      | Found a large runed door.
  5776 | D:8      | Reached * piety under Okawaru
  5915 | D:7      | Reached XP level 9. HP: 75/75 MP: 8/8
  7332 | D:8      | Found a shattered altar of Ashenzari.
  7362 | D:8      | Reached ** piety under Okawaru
  7522 | D:8      | Killed ImaNewbie's ghost
  7522 | D:8      | Reached skill level 10 in Long Blades
  7532 | D:8      | Gained mutation: You are robust. (+10% HP) [potion of beneficial mutation]
  7930 | D:8      | Found a large runed door.
  7936 | D:8      | Found a large runed door.
  8087 | D:8      | Reached *** piety under Okawaru
  8091 | D:8      | Reached XP level 10. HP: 92/94 MP: 9/9
  8337 | D:9      | Reached skill level 10 in Shields
  8355 | D:9      | Received a gift from Okawaru
  8722 | D:8      | Killed Pikel
  8922 | D:9      | Found a basalt altar of Yredelemnul.
  9446 | D:9      | Reached **** piety under Okawaru
  9453 | D:9      | Reached skill level 10 in Armour
  9980 | D:10     | Reached ***** piety under Okawaru
 10112 | D:10     | Reached XP level 11. HP: 77/103 MP: 10/10
 10118 | D:10     | Reached skill level 1 in Stealth
 10671 | D:11     | Found a runed door.
 10671 | D:11     | Noticed a sixfirhy
 10983 | D:11     | Noticed a deep elf mage
 10985 | D:11     | Noticed a sun demon
 11001 | D:11     | Noticed a sun demon
 11004 | D:11     | Killed a deep elf mage
 11525 | D:11     | Noticed a brown ugly thing
 11553 | D:11     | Killed a brown ugly thing
 12549 | D:12     | Reached ****** piety under Okawaru
 12580 | D:12     | Found a staircase to the Orcish Mines.
 12657 | D:12     | Noticed a white ugly thing
 12672 | D:12     | Killed a white ugly thing
 12672 | D:12     | Reached skill level 1 in Invocations
 12727 | D:12     | Received a gift from Okawaru
 12736 | D:12     | Identified a +2 pair of boots of running (Okawaru gifted it to you on level 12 of the Dungeon)
 12954 | D:12     | Reached XP level 12. HP: 112/116 MP: 11/11
 13340 | D:12     | Reached skill level 10 in Fighting
 14404 | Lair:1   | Entered Level 1 of the Lair of Beasts
 14505 | Lair:1   | Noticed a seven-headed hydra
 14694 | Orc:1    | Entered Level 1 of the Orcish Mines
 14694 | Orc:1    | Noticed an orc high priest
 14872 | Orc:1    | Killed an orc high priest
 15051 | Orc:2    | Entered Level 2 of the Orcish Mines
 15533 | Orc:1    | Found Wiaphefau's Antique Armour Emporium.
 15593 | Orc:1    | Noticed Dolanko's ghost (journeyman MiGl)
 15595 | Orc:1    | Bought a brightly glowing cloak for 237 gold pieces
 15669 | Orc:1    | Killed Dolanko's ghost
 15669 | Orc:1    | Received a gift from Okawaru
 15682 | Orc:1    | Identified the cursed +0 cloak of Redwoidam {*Corrode Dex+3 Slay+3} (You bought it in a shop on level 1 of the Orcish Mines)
 16465 | Orc:1    | Paralysed by an orc sorcerer for 2 turns
 17041 | Orc:2    | Found a staircase to the Elven Halls.
 17608 | Lair:2   | Noticed a four-headed hydra
 17678 | Lair:2   | Reached XP level 13. HP: 101/127 MP: 13/13
 18073 | Lair:4   | Found a staircase to the Snake Pit.
 18186 | Lair:4   | Found a labyrinth entrance.
 18190 | Lab      | Entered a labyrinth
 18615 | Lab      | Noticed a minotaur
 18633 | Lab      | Killed a minotaur
 18642 | Lab      | Identified the Grimoire of the Captivating Blaze
 19175 | Lair:6   | Entered Level 6 of the Lair of Beasts
 19257 | Lair:6   | Received a gift from Okawaru
 19560 | Lair:6   | Reached skill level 15 in Shields
 20162 | Lair:6   | Received a gift from Okawaru
 20574 | Lair:6   | Reached skill level 15 in Long Blades
 20847 | Lair:6   | Received a gift from Okawaru
 20856 | Lair:6   | HP: 6/129 [yak (5)]
 20856 | Lair:6   | HP: 2/129 [catoblepas (4)]
 20857 | Lair:6   | Slain by a catoblepas

Skill      XL: |  1  2  3  4  5  6  7  8  9 10 11 12 13 |
---------------+----------------------------------------+-----
Armour         | 4 5 6 7 9 10 11 12 13 | 13.5
Shields        | 4 5 6 7 9 11 12 14 15 | 15.8
Long Blades    | 3 4 5 7 8 10 11 13 14 15 | 15.0
Fighting       | 4 5 6 7 8 9 11 12 | 12.2
Dodging        | 1 |  1.9
Stealth        | 1 |  1.2
Invocations    | 1 2 |  2.1
Evocations     | |  0.5

Action                   |  1- 3 |  4- 6 |  7- 9 | 10-12 | 13-15 || total
-------------------------+-------+-------+-------+-------+-------++-------
Melee: Long sword        |    74 |   151 |   493 |  1040 |   677 ||  2435
       Headbutt          |    11 |    31 |   108 |   344 |   190 ||   684
       Scimitar          |       |       |       |    29 |       ||    29
       Falchion          |       |       |       |   320 |       ||   320
Invok: Heroism           |       |       |     1 |    21 |     9 ||    31
Evoke: Wand              |       |       |       |       |     2 ||     2
  Use: Potion            |       |     2 |     1 |     2 |     1 ||     6
       Scroll            |       |    16 |    10 |     9 |    10 ||    45
 Stab: Petrified         |       |       |       |       |     2 ||     2
       Petrifying        |       |       |       |       |     1 ||     1
  Eat: Chunk             |       |     7 |    16 |    31 |     7 ||    61
       Beef jerky        |       |       |       |     1 |       ||     1
       Pizza             |       |       |       |       |     2 ||     2
Armor: Scale mail        |    33 |    60 |    40 |       |       ||   133
       Crystal plate arm |       |       |   225 |   548 |   326 ||  1099
       Chain mail        |       |       |    11 |       |       ||    11
Dodge: Dodged            |    41 |    27 |    65 |   173 |   190 ||   496
Block: Shield            |    37 |    52 |   281 |   694 |   430 ||  1494
       Rpst.: Long sword |    16 |     6 |    14 |    27 |    44 ||   107
       Falchion          |       |       |       |    14 |       ||    14
